Connexion

Bruins vs Senators

Created - 20 février 2024 at 06:02

Goals
1 2 3 OT1 T
Bruins 2 1 1 0 4
Senators 3 0 1 1 5
Shots
1 2 3 OT1 T
Bruins 16 12 3 0 31
Senators 13 17 9 6 45

GoalsPenalties
1st period
1. Bruins , Bryce Kindopp 26 (Jansen Harkins 42, Josh Brook 36) at 6:33
2. Senators , Alex Beaucage 12 (Ian Mitchell 32, Zac Jones 29) at 8:49 (PP)
3. Bruins , Reilly Walsh 12 (Julius Honka 32, Derek Grant 24) at 15:10 (SH)
4. Senators , Wade Allison 16 (Ben Jones 19, Ian Mitchell 33) at 15:34 (PP)
5. Senators , Aleksi Heponiemi 16 (Wade Allison 31, Zac Jones 30) at 16:50
Layton Ahac (BEL) for Tripping (Minor) at 3:24
Derek Grant (PRO) for Hooking (Minor) at 7:40
Ryan O'Reilly (PRO) for Holding (Minor) at 14:49
2nd period
6. Bruins , Derek Grant 17 (Michal Kempny 23, Jansen Harkins 43) at 11:42
Jakob Forsbacka-Karlsson (PRO) for High sticking (Minor) at 8:03
3rd period
7. Bruins , Jansen Harkins 19 (Bryce Kindopp 36) at 15:12
8. Senators , Jack Rathbone 13 (Akil Thomas 26, Aliaksei Protas 41) at 17:41 (PP)
Julius Honka (PRO) for Goalie Interference (Minor) at 16:24
Overtime #1
9. Senators , Tyler Madden 4 (Layton Ahac 25, Aleksi Heponiemi 22) at 1:56
No Penalty
Goalie Stats
Eric Comrie (PRO), 40 saves from 45 shots - (0,889), OTL, 3-8-2, 61:57 minutes
Leevi Merilainen (BEL), 27 saves from 31 shots - (0,871), W, 30-22-4, 61:57 minutes
3 StarsOfficial
1 - Jansen Harkins (PRO)
2 - Bryce Kindopp (PRO)
3 - Derek Grant (PRO)
Referees : Don VanMassenhoven and Wes McCauley
Linesman : Brian Mach and Vaughan Rody
Game Note
No Game Note
Finance
Level 1 -- Attendance: 1835 (91,75%) -- Ticket Income $64,225
Level 2 -- Attendance: 889 (88,90%) -- Ticket Income $17,780
Total Attendance: 2724 (90,80%)
Total Ticket Income: $82,005
Other Income: $16,401
Total Income: $98,406



Team Name Goals Shots Shots Attemp Shots Blocked PIM HIT PP PK FO%
Bruins 43155138210 / 1 (0%)340%
Senators 5458172233 / 4 (75%)060%

Bruins
Player Name POS G A P +/- PIM HIT SHT SB MP PP MP PP SHT PK MP PK SHT FO% FOT
Adam MusilC000000000:440:0000:4400% 1
Bryce KindoppRW1122015019:120:5600:0000% 2
Connor ChathamRW000001005:430:0000:0000% 0
Darren DietzD0000021216:080:0000:3000% 0
Derek GrantC/LW/RW1123212121:450:5602:340100% 2
Hunter ShinkarukC/LW/RW0000012019:281:0300:00020% 10
Igor ShvyrevC0000003015:350:0000:00043% 14
Jakob Forsbacka-KarlssonC0000215217:551:0311:51036% 22
Jansen HarkinsC1232007022:360:5612:37050% 38
Jesse GrahamD0000010215:380:0000:0000% 0
Josh BrookD0112010123:540:5602:5700% 0
Julius HonkaD0110231121:541:0311:4300% 0
Matej StranskyLW/RW000-1012015:470:0000:0000% 0
Michal KempnyD0113022223:210:5612:4100% 0
Reid BoucherC/LW/RW0000040015:411:0301:21025% 4
Reilly WalshD1010011121:011:0302:2910% 0
Ryan O'ReillyRW0000210015:340:0000:0000% 1
Tyler WeissLW000000018:410:0001:1300% 0
Senators
Player Name POS G A P +/- PIM HIT SHT SB MP PP MP PP SHT PK MP PK SHT FO% FOT
Adam BeckmanC/LW000-1013015:080:0000:00065% 17
Akil ThomasC/RW011-2021020:141:5810:4700% 2
Aleksi HeponiemiC/LW/RW1121001020:443:1200:000100% 1
Alex BeaucageLW/RW101-2044022:161:5811:120100% 1
Aliaksei ProtasC011-2041023:381:5801:12047% 30
Ben JonesC0110025121:113:1200:47064% 28
Ian MitchellD022-2031223:572:2301:0200% 0
Jack RathboneD101-1015122:152:4730:5700% 0
Jamieson ReesC000000405:250:0000:00077% 13
Joey KeaneD000-1021222:152:4710:5700% 0
Layton AhacD0111202014:070:0000:0000% 0
Linus WeissbachLW000000403:480:0000:0000% 0
Martin ChromiakLW/RW000-1004014:220:0000:0000% 0
Ryan MerkleyD0000001015:250:0000:0000% 0
Theodor NiederbachC/RW000-1001014:220:0000:000100% 1
Tyler MaddenC101100101:090:0000:0000% 0
Wade AllisonRW1120026020:243:1220:0000% 1
Zac JonesD022-2020123:112:2301:0200% 0



Play-by-Play

1st period


0:01 of 1st period - Alex Beaucage wins face-off versus Bryce Kindopp in neutral zone.
0:01 of 1st period - Alex Beaucage is hit by Bryce Kindopp.
0:16 of 1st period - Shot by Bryce Kindopp.
0:16 of 1st period - Deflect By Jansen Harkins.
0:16 of 1st period - Shot Hit the Post.
0:18 of 1st period - Shot by Derek Grant.
0:18 of 1st period - Shot Misses the Net.
0:26 of 1st period - Shot by Jansen Harkins.
0:26 of 1st period - Shot Blocked by Zac Jones.
0:28 of 1st period - Shot by Derek Grant.
0:28 of 1st period - Shot Blocked by Ian Mitchell.
0:30 of 1st period - Shot by Bryce Kindopp.
0:30 of 1st period - Stopped by Leevi Merilainen with a rebound.
0:32 of 1st period - Shot by Bryce Kindopp.
0:32 of 1st period - Stopped by Leevi Merilainen without a rebound.
0:33 of 1st period - Ben Jones wins face-off versus Jakob Forsbacka-Karlsson in Senators zone.
0:33 of 1st period - Ben Jones is hit by Reid Boucher.
0:50 of 1st period - Shot by Ben Jones.
0:50 of 1st period - Deflect By Wade Allison.
0:50 of 1st period - Stopped by Eric Comrie without a rebound.
0:51 of 1st period - Igor Shvyrev wins face-off versus Adam Beckman in Bruins zone.
1:28 of 1st period - Shot by Martin Chromiak.
1:28 of 1st period - Shot Misses the Net.
1:30 of 1st period - Shot by Theodor Niederbach.
1:30 of 1st period - Stopped by Eric Comrie without a rebound.
1:31 of 1st period - Ben Jones wins face-off versus Jakob Forsbacka-Karlsson in Bruins zone.
1:40 of 1st period - Shot by Reid Boucher.
1:40 of 1st period - Shot Misses the Net.
2:05 of 1st period - Shot by Jakob Forsbacka-Karlsson.
2:05 of 1st period - Stopped by Leevi Merilainen with a rebound.
2:11 of 1st period - Shot by Hunter Shinkaruk.
2:11 of 1st period - Stopped by Leevi Merilainen with a rebound.
2:35 of 1st period - Shot by Bryce Kindopp.
2:35 of 1st period - Stopped by Leevi Merilainen without a rebound.
2:36 of 1st period - Aliaksei Protas wins face-off versus Igor Shvyrev in Senators zone.
3:15 of 1st period - Shot by Matej Stransky.
3:15 of 1st period - Stopped by Leevi Merilainen without a rebound.
3:16 of 1st period - Jansen Harkins wins face-off versus Adam Beckman in Senators zone.
3:19 of 1st period - Shot by Bryce Kindopp.
3:19 of 1st period - Stopped by Leevi Merilainen without a rebound.
3:20 of 1st period - Jansen Harkins wins face-off versus Adam Beckman in Senators zone.
3:24 of 1st period - Minor Penalty to Layton Ahac for Tripping.
3:25 of 1st period - Aliaksei Protas wins face-off versus Jansen Harkins in Senators zone.
3:40 of 1st period - Shot by Michal Kempny.
3:40 of 1st period - Stopped by Leevi Merilainen without a rebound.
3:41 of 1st period - Aliaksei Protas wins face-off versus Jakob Forsbacka-Karlsson in Senators zone.
3:52 of 1st period - Shot by Reilly Walsh.
3:52 of 1st period - Shot Blocked by Ian Mitchell.
4:18 of 1st period - Shot by Julius Honka.
4:18 of 1st period - Stopped by Leevi Merilainen with a rebound.
4:20 of 1st period - Shot by Julius Honka.
4:20 of 1st period - Deflect By Jakob Forsbacka-Karlsson.
4:20 of 1st period - Stopped by Leevi Merilainen without a rebound.
4:21 of 1st period - Jansen Harkins wins face-off versus Aliaksei Protas in Senators zone.
4:44 of 1st period - Shot by Bryce Kindopp.
4:44 of 1st period - Shot Misses the Net.
4:46 of 1st period - Shot by Bryce Kindopp.
4:46 of 1st period - Shot Blocked by Joey Keane.
4:48 of 1st period - Shot by Jansen Harkins.
4:48 of 1st period - Shot Blocked by Joey Keane.
4:50 of 1st period - Shot by Derek Grant.
4:50 of 1st period - Shot Misses the Net.
4:52 of 1st period - Shot by Michal Kempny.
4:52 of 1st period - Shot Misses the Net.
4:58 of 1st period - Shot by Jansen Harkins.
4:58 of 1st period - Shot Misses the Net.
5:00 of 1st period - Shot by Jansen Harkins.
5:00 of 1st period - Stopped by Leevi Merilainen without a rebound.
5:01 of 1st period - Aliaksei Protas wins face-off versus Jakob Forsbacka-Karlsson in Senators zone.
5:01 of 1st period - Ian Mitchell is hit by Reid Boucher and loses puck.
5:30 of 1st period - Shot by Igor Shvyrev.
5:30 of 1st period - Stopped by Leevi Merilainen without a rebound.
5:31 of 1st period - Adam Beckman wins face-off versus Igor Shvyrev in Senators zone.
5:58 of 1st period - Shot by Martin Chromiak.
5:58 of 1st period - Stopped by Eric Comrie without a rebound.
5:59 of 1st period - Ben Jones wins face-off versus Jansen Harkins in Bruins zone.
6:04 of 1st period - Shot by Wade Allison.
6:04 of 1st period - Stopped by Eric Comrie without a rebound.
6:05 of 1st period - Jansen Harkins wins face-off versus Aliaksei Protas in Bruins zone.
6:05 of 1st period - Jansen Harkins is hit by Alex Beaucage.
6:33 of 1st period - Shot by Jansen Harkins.
6:33 of 1st period - Deflect By Bryce Kindopp.
6:33 of 1st period - Goal by Bryce Kindopp - Bruins : 1 - Senators : 0.
6:34 of 1st period - Ben Jones wins face-off versus Jakob Forsbacka-Karlsson in neutral zone.
6:41 of 1st period - Jakob Forsbacka-Karlsson is hit by Ben Jones and loses puck.
6:51 of 1st period - Off-side.
6:52 of 1st period - Adam Beckman wins face-off versus Igor Shvyrev in neutral zone.
6:55 of 1st period - Shot by Jack Rathbone.
6:55 of 1st period - Stopped by Eric Comrie without a rebound.
6:56 of 1st period - Aliaksei Protas wins face-off versus Jansen Harkins in Bruins zone.
7:05 of 1st period - Bryce Kindopp is hit by Aliaksei Protas and loses puck.
7:40 of 1st period - Minor Penalty to Derek Grant for Hooking.
7:41 of 1st period - Ben Jones wins face-off versus Jansen Harkins in Bruins zone.
7:42 of 1st period - Shot by Wade Allison.
7:42 of 1st period - Shot Misses the Net.
7:44 of 1st period - Shot by Joey Keane.
7:44 of 1st period - Stopped by Eric Comrie without a rebound.
7:45 of 1st period - Ben Jones wins face-off versus Jansen Harkins in Bruins zone.
8:47 of 1st period - Shot by Ian Mitchell.
8:47 of 1st period - Shot Misses the Net.
8:49 of 1st period - Shot by Alex Beaucage.
8:49 of 1st period - Goal by Alex Beaucage - Bruins : 1 - Senators : 1.
8:50 of 1st period - Igor Shvyrev wins face-off versus Adam Beckman in neutral zone.
9:02 of 1st period - Icing by Adam Beckman.
9:03 of 1st period - Adam Beckman wins face-off versus Jansen Harkins in Senators zone.
10:19 of 1st period - Shot by Zac Jones.
10:19 of 1st period - Shot Misses the Net.
10:55 of 1st period - Shot by Jakob Forsbacka-Karlsson.
10:55 of 1st period - Shot Misses the Net.
10:57 of 1st period - Shot by Jakob Forsbacka-Karlsson.
10:57 of 1st period - Stopped by Leevi Merilainen without a rebound.
10:58 of 1st period - Ben Jones wins face-off versus Hunter Shinkaruk in Senators zone.
11:15 of 1st period - Shot by Connor Chatham.
11:15 of 1st period - Shot Misses the Net.
11:20 of 1st period - Icing by Joey Keane.
11:21 of 1st period - Ben Jones wins face-off versus Jansen Harkins in Senators zone.
11:39 of 1st period - Shot by Ben Jones.
11:39 of 1st period - Stopped by Eric Comrie without a rebound.
11:40 of 1st period - Jamieson Rees wins face-off versus Igor Shvyrev in Bruins zone.
11:41 of 1st period - Shot by Linus Weissbach.
11:41 of 1st period - Stopped by Eric Comrie without a rebound.
11:42 of 1st period - Jakob Forsbacka-Karlsson wins face-off versus Aliaksei Protas in Bruins zone.
11:42 of 1st period - Hunter Shinkaruk is hit by Alex Beaucage and loses puck.
12:11 of 1st period - Shot by Akil Thomas.
12:11 of 1st period - Shot Blocked by Michal Kempny.
13:03 of 1st period - Shot by Bryce Kindopp.
13:03 of 1st period - Shot Misses the Net.
13:37 of 1st period - Matej Stransky is hit by Ben Jones and loses puck.
13:48 of 1st period - Shot by Martin Chromiak.
13:48 of 1st period - Shot Misses the Net.
13:50 of 1st period - Shot by Theodor Niederbach.
13:50 of 1st period - Shot Blocked by Darren Dietz.
13:52 of 1st period - Shot by Martin Chromiak.
13:52 of 1st period - Shot Misses the Net.
14:08 of 1st period - Shot by Adam Beckman.
14:08 of 1st period - Shot Blocked by Jesse Graham.
14:33 of 1st period - Icing by Darren Dietz.
14:34 of 1st period - Aliaksei Protas wins face-off versus Igor Shvyrev in Bruins zone.
14:38 of 1st period - Akil Thomas is hit by Darren Dietz and loses puck.
14:42 of 1st period - Icing by Matej Stransky.
14:43 of 1st period - Igor Shvyrev wins face-off versus Aliaksei Protas in Bruins zone.
14:49 of 1st period - Minor Penalty to Ryan O'Reilly for Holding.
14:50 of 1st period - Jansen Harkins wins face-off versus Aliaksei Protas in Bruins zone.
15:06 of 1st period - Icing by Aliaksei Protas.
15:07 of 1st period - Derek Grant wins face-off versus Akil Thomas in Senators zone.
15:10 of 1st period - Shot by Reilly Walsh.
15:10 of 1st period - Goal by Reilly Walsh - Bruins : 2 - Senators : 1.
15:11 of 1st period - Jansen Harkins wins face-off versus Ben Jones in neutral zone.
15:30 of 1st period - Shot by Ian Mitchell.
15:30 of 1st period - Shot Blocked by Michal Kempny.
15:32 of 1st period - Shot by Ben Jones.
15:32 of 1st period - Shot Blocked by Derek Grant.
15:34 of 1st period - Shot by Wade Allison.
15:34 of 1st period - Goal by Wade Allison - Bruins : 2 - Senators : 2.
15:35 of 1st period - Aliaksei Protas wins face-off versus Jakob Forsbacka-Karlsson in neutral zone.
16:01 of 1st period - Shot by Jakob Forsbacka-Karlsson.
16:01 of 1st period - Stopped by Leevi Merilainen without a rebound.
16:02 of 1st period - Igor Shvyrev wins face-off versus Ben Jones in Senators zone.
16:13 of 1st period - Shot by Igor Shvyrev.
16:13 of 1st period - Shot Misses the Net.
16:26 of 1st period - Icing by Zac Jones.
16:27 of 1st period - Jansen Harkins wins face-off versus Ben Jones in Senators zone.
16:36 of 1st period - Shot by Wade Allison.
16:36 of 1st period - Shot Blocked by Reilly Walsh.
16:50 of 1st period - Shot by Aleksi Heponiemi.
16:50 of 1st period - Goal by Aleksi Heponiemi - Bruins : 2 - Senators : 3.
16:51 of 1st period - Aliaksei Protas wins face-off versus Reid Boucher in neutral zone.
16:51 of 1st period - Jack Rathbone is hit by Reid Boucher.
17:10 of 1st period - Aliaksei Protas is hit by Michal Kempny and loses puck.
17:19 of 1st period - Shot by Alex Beaucage.
17:19 of 1st period - Stopped by Eric Comrie without a rebound.
17:20 of 1st period - Adam Beckman wins face-off versus Jansen Harkins in Bruins zone.
17:20 of 1st period - Adam Beckman is hit by Julius Honka.
17:42 of 1st period - Bryce Kindopp is hit by Adam Beckman and loses puck.
17:57 of 1st period - Shot by Martin Chromiak.
17:57 of 1st period - Stopped by Eric Comrie without a rebound.
17:58 of 1st period - Jakob Forsbacka-Karlsson wins face-off versus Aliaksei Protas in Bruins zone.
18:49 of 1st period - Wade Allison is hit by Hunter Shinkaruk and loses puck.
19:58 of 1st period - Shot by Martin Chromiak.
19:58 of 1st period - Shot Misses the Net.
Goals for this period are 2 for Bruins vs 3 for Senators.
Shots for this period are 16 for Bruins vs 13 for Senators.

2nd period


0:01 of 2nd period - Jansen Harkins wins face-off versus Aliaksei Protas in neutral zone.
0:05 of 2nd period - Michal Kempny is hit by Ian Mitchell and loses puck.
0:11 of 2nd period - Jansen Harkins is hit by Ian Mitchell and loses puck.
0:19 of 2nd period - Bryce Kindopp is hit by Zac Jones and loses puck.
0:26 of 2nd period - Shot by Jansen Harkins.
0:26 of 2nd period - Stopped by Leevi Merilainen without a rebound.
0:27 of 2nd period - Aleksi Heponiemi wins face-off versus Reid Boucher in Senators zone.
0:31 of 2nd period - Wade Allison is hit by Julius Honka and loses puck.
0:53 of 2nd period - Shot by Wade Allison.
0:53 of 2nd period - Stopped by Eric Comrie with a rebound.
0:56 of 2nd period - Icing by Reilly Walsh.
0:57 of 2nd period - Aliaksei Protas wins face-off versus Jakob Forsbacka-Karlsson in Bruins zone.
1:04 of 2nd period - Shot by Aliaksei Protas.
1:04 of 2nd period - Stopped by Eric Comrie with a rebound.
1:23 of 2nd period - Icing by Ian Mitchell.
1:24 of 2nd period - Jansen Harkins wins face-off versus Aliaksei Protas in Senators zone.
1:41 of 2nd period - Shot by Derek Grant.
1:41 of 2nd period - Stopped by Leevi Merilainen without a rebound.
1:42 of 2nd period - Igor Shvyrev wins face-off versus Ben Jones in Senators zone.
1:52 of 2nd period - Igor Shvyrev is hit by Joey Keane.
2:08 of 2nd period - Shot by Matej Stransky.
2:08 of 2nd period - Shot Misses the Net.
2:29 of 2nd period - Icing by Jack Rathbone.
2:30 of 2nd period - Jansen Harkins wins face-off versus Ben Jones in Senators zone.
2:35 of 2nd period - Shot by Jansen Harkins.
2:35 of 2nd period - Stopped by Leevi Merilainen without a rebound.
2:36 of 2nd period - Jansen Harkins wins face-off versus Jamieson Rees in Senators zone.
2:36 of 2nd period - Jansen Harkins is hit by Zac Jones.
2:45 of 2nd period - Icing by Jamieson Rees.
2:46 of 2nd period - Jamieson Rees wins face-off versus Hunter Shinkaruk in Senators zone.
3:01 of 2nd period - Shot by Linus Weissbach.
3:01 of 2nd period - Shot Misses the Net.
3:03 of 2nd period - Shot by Linus Weissbach.
3:03 of 2nd period - Stopped by Eric Comrie without a rebound.
3:04 of 2nd period - Adam Beckman wins face-off versus Jansen Harkins in Bruins zone.
3:37 of 2nd period - Shot by Derek Grant.
3:37 of 2nd period - Shot Misses the Net.
3:46 of 2nd period - Icing by Reilly Walsh.
3:47 of 2nd period - Aliaksei Protas wins face-off versus Jansen Harkins in Bruins zone.
3:47 of 2nd period - Zac Jones is hit by Julius Honka and loses puck.
4:10 of 2nd period - Icing by Reilly Walsh.
4:11 of 2nd period - Ben Jones wins face-off versus Jansen Harkins in Bruins zone.
4:52 of 2nd period - Shot by Ben Jones.
4:52 of 2nd period - Stopped by Eric Comrie with a rebound.
5:38 of 2nd period - Shot by Matej Stransky.
5:38 of 2nd period - Stopped by Leevi Merilainen with a rebound.
5:40 of 2nd period - Shot by Darren Dietz.
5:40 of 2nd period - Stopped by Leevi Merilainen without a rebound.
5:41 of 2nd period - Adam Beckman wins face-off versus Hunter Shinkaruk in Senators zone.
5:41 of 2nd period - Adam Beckman is hit by Connor Chatham.
5:48 of 2nd period - Layton Ahac is hit by Michal Kempny and loses puck.
6:47 of 2nd period - Shot by Igor Shvyrev.
6:47 of 2nd period - Stopped by Leevi Merilainen without a rebound.
6:48 of 2nd period - Jamieson Rees wins face-off versus Jansen Harkins in Senators zone.
6:55 of 2nd period - Shot by Jamieson Rees.
6:55 of 2nd period - Stopped by Eric Comrie without a rebound.
6:56 of 2nd period - Jansen Harkins wins face-off versus Aliaksei Protas in Bruins zone.
7:10 of 2nd period - Icing by Zac Jones.
7:11 of 2nd period - Reid Boucher wins face-off versus Aliaksei Protas in Senators zone.
7:12 of 2nd period - Shot by Jakob Forsbacka-Karlsson.
7:12 of 2nd period - Stopped by Leevi Merilainen without a rebound.
7:13 of 2nd period - Jansen Harkins wins face-off versus Aliaksei Protas in Senators zone.
7:41 of 2nd period - Shot by Bryce Kindopp.
7:41 of 2nd period - Shot Misses the Net.
7:43 of 2nd period - Shot by Bryce Kindopp.
7:43 of 2nd period - Shot Misses the Net.
8:03 of 2nd period - Minor Penalty to Jakob Forsbacka-Karlsson for High sticking.
8:04 of 2nd period - Ben Jones wins face-off versus Jansen Harkins in Bruins zone.
8:05 of 2nd period - Shot by Jack Rathbone.
8:05 of 2nd period - Stopped by Eric Comrie without a rebound.
8:06 of 2nd period - Jansen Harkins wins face-off versus Ben Jones in Bruins zone.
8:17 of 2nd period - Reid Boucher is hit by Wade Allison.
9:18 of 2nd period - Shot by Ian Mitchell.
9:18 of 2nd period - Shot Misses the Net.
9:20 of 2nd period - Shot by Akil Thomas.
9:20 of 2nd period - Stopped by Eric Comrie without a rebound.
9:21 of 2nd period - Derek Grant wins face-off versus Ben Jones in Bruins zone.
9:34 of 2nd period - Shot by Jack Rathbone.
9:34 of 2nd period - Shot Misses the Net.
9:40 of 2nd period - Shot by Joey Keane.
9:40 of 2nd period - Shot Blocked by Julius Honka.
9:42 of 2nd period - Shot by Joey Keane.
9:42 of 2nd period - Shot Misses the Net.
9:44 of 2nd period - Shot by Wade Allison.
9:44 of 2nd period - Stopped by Eric Comrie with a rebound.
9:46 of 2nd period - Shot by Jack Rathbone.
9:46 of 2nd period - Stopped by Eric Comrie without a rebound.
9:47 of 2nd period - Aliaksei Protas wins face-off versus Adam Musil in Bruins zone.
10:00 of 2nd period - Shot by Ian Mitchell.
10:00 of 2nd period - Shot Misses the Net.
10:02 of 2nd period - Shot by Akil Thomas.
10:02 of 2nd period - Shot Blocked by Josh Brook.
10:05 of 2nd period - Icing by Jesse Graham.
10:06 of 2nd period - Hunter Shinkaruk wins face-off versus Adam Beckman in Bruins zone.
10:37 of 2nd period - Shot by Adam Beckman.
10:37 of 2nd period - Stopped by Eric Comrie with a rebound.
10:39 of 2nd period - Shot by Layton Ahac.
10:39 of 2nd period - Stopped by Eric Comrie with a rebound.
10:41 of 2nd period - Shot by Martin Chromiak.
10:41 of 2nd period - Shot Misses the Net.
10:43 of 2nd period - Shot by Adam Beckman.
10:43 of 2nd period - Deflect By Martin Chromiak.
10:43 of 2nd period - Shot Misses the Net.
10:59 of 2nd period - Icing by Darren Dietz.
11:00 of 2nd period - Aliaksei Protas wins face-off versus Hunter Shinkaruk in Bruins zone.
11:22 of 2nd period - Shot by Akil Thomas.
11:22 of 2nd period - Shot Misses the Net.
11:24 of 2nd period - Shot by Ian Mitchell.
11:24 of 2nd period - Stopped by Eric Comrie without a rebound.
11:25 of 2nd period - Ben Jones wins face-off versus Jansen Harkins in Bruins zone.
11:40 of 2nd period - Shot by Michal Kempny.
11:40 of 2nd period - Stopped by Leevi Merilainen with a rebound.
11:42 of 2nd period - Shot by Derek Grant.
11:42 of 2nd period - Goal by Derek Grant - Bruins : 3 - Senators : 3.
11:43 of 2nd period - Igor Shvyrev wins face-off versus Aliaksei Protas in neutral zone.
12:14 of 2nd period - Shot by Igor Shvyrev.
12:14 of 2nd period - Stopped by Leevi Merilainen with a rebound.
12:50 of 2nd period - Shot by Jansen Harkins.
12:50 of 2nd period - Stopped by Leevi Merilainen without a rebound.
12:51 of 2nd period - Adam Beckman wins face-off versus Jansen Harkins in Senators zone.
12:51 of 2nd period - Adam Beckman is hit by Derek Grant.
12:59 of 2nd period - Icing by Michal Kempny.
13:00 of 2nd period - Ben Jones wins face-off versus Jansen Harkins in Bruins zone.
13:07 of 2nd period - Shot by Ben Jones.
13:07 of 2nd period - Stopped by Eric Comrie without a rebound.
13:08 of 2nd period - Ben Jones wins face-off versus Reid Boucher in Bruins zone.
13:18 of 2nd period - Icing by Josh Brook.
13:19 of 2nd period - Jakob Forsbacka-Karlsson wins face-off versus Akil Thomas in Bruins zone.
13:19 of 2nd period - Jakob Forsbacka-Karlsson is hit by Alex Beaucage.
13:37 of 2nd period - Shot by Hunter Shinkaruk.
13:37 of 2nd period - Stopped by Leevi Merilainen without a rebound.
13:38 of 2nd period - Ben Jones wins face-off versus Jansen Harkins in Senators zone.
14:03 of 2nd period - Shot by Wade Allison.
14:03 of 2nd period - Shot Misses the Net.
14:11 of 2nd period - Shot by Wade Allison.
14:11 of 2nd period - Stopped by Eric Comrie without a rebound.
14:12 of 2nd period - Jakob Forsbacka-Karlsson wins face-off versus Aliaksei Protas in Bruins zone.
14:16 of 2nd period - Michal Kempny is hit by Ian Mitchell and loses puck.
14:45 of 2nd period - Alex Beaucage is hit by Jakob Forsbacka-Karlsson and loses puck.
15:56 of 2nd period - Icing by Darren Dietz.
15:57 of 2nd period - Ben Jones wins face-off versus Igor Shvyrev in Bruins zone.
16:14 of 2nd period - Aleksi Heponiemi is hit by Ryan O'Reilly and loses puck.
17:19 of 2nd period - Shot by Alex Beaucage.
17:19 of 2nd period - Stopped by Eric Comrie without a rebound.
17:20 of 2nd period - Jamieson Rees wins face-off versus Jakob Forsbacka-Karlsson in Bruins zone.
17:23 of 2nd period - Shot by Linus Weissbach.
17:23 of 2nd period - Shot Misses the Net.
18:36 of 2nd period - Shot by Adam Beckman.
18:36 of 2nd period - Stopped by Eric Comrie with a rebound.
18:38 of 2nd period - Shot by Theodor Niederbach.
18:38 of 2nd period - Shot Blocked by Jesse Graham.
18:40 of 2nd period - Shot by Adam Beckman.
18:40 of 2nd period - Stopped by Eric Comrie without a rebound.
18:41 of 2nd period - Ben Jones wins face-off versus Bryce Kindopp in Bruins zone.
18:53 of 2nd period - Icing by Jack Rathbone.
18:54 of 2nd period - Hunter Shinkaruk wins face-off versus Wade Allison in Senators zone.
18:54 of 2nd period - Hunter Shinkaruk is hit by Jack Rathbone.
18:59 of 2nd period - Icing by Jack Rathbone.
19:00 of 2nd period - Jansen Harkins wins face-off versus Ben Jones in Senators zone.
Goals for this period are 1 for Bruins vs 0 for Senators.
Shots for this period are 12 for Bruins vs 17 for Senators.

3rd period


0:01 of 3rd period - Jakob Forsbacka-Karlsson wins face-off versus Aliaksei Protas in neutral zone.
0:03 of 3rd period - Off-side.
0:04 of 3rd period - Jakob Forsbacka-Karlsson wins face-off versus Aliaksei Protas in neutral zone.
1:18 of 3rd period - Shot by Aleksi Heponiemi.
1:18 of 3rd period - Shot Misses the Net.
1:20 of 3rd period - Shot by Ben Jones.
1:20 of 3rd period - Stopped by Eric Comrie with a rebound.
1:22 of 3rd period - Shot by Ben Jones.
1:22 of 3rd period - Stopped by Eric Comrie without a rebound.
1:23 of 3rd period - Jansen Harkins wins face-off versus Adam Beckman in Bruins zone.
1:38 of 3rd period - Shot by Jansen Harkins.
1:38 of 3rd period - Stopped by Leevi Merilainen without a rebound.
1:39 of 3rd period - Jamieson Rees wins face-off versus Igor Shvyrev in Senators zone.
1:39 of 3rd period - Jamieson Rees is hit by Matej Stransky.
2:43 of 3rd period - Icing by Aleksi Heponiemi.
2:44 of 3rd period - Ben Jones wins face-off versus Hunter Shinkaruk in Senators zone.
3:30 of 3rd period - Josh Brook is hit by Joey Keane and loses puck.
4:03 of 3rd period - Shot by Jansen Harkins.
4:03 of 3rd period - Stopped by Leevi Merilainen with a rebound.
4:52 of 3rd period - Jesse Graham is hit by Alex Beaucage and loses puck.
5:14 of 3rd period - Ryan O'Reilly is hit by Aliaksei Protas and loses puck.
5:24 of 3rd period - Icing by Darren Dietz.
5:25 of 3rd period - Jamieson Rees wins face-off versus Ryan O'Reilly in Bruins zone.
5:32 of 3rd period - Shot by Linus Weissbach.
5:32 of 3rd period - Shot Blocked by Darren Dietz.
5:34 of 3rd period - Shot by Aliaksei Protas.
5:34 of 3rd period - Shot Misses the Net.
5:36 of 3rd period - Shot by Linus Weissbach.
5:36 of 3rd period - Stopped by Eric Comrie without a rebound.
5:37 of 3rd period - Adam Beckman wins face-off versus Jakob Forsbacka-Karlsson in Bruins zone.
5:40 of 3rd period - Shot by Martin Chromiak.
5:40 of 3rd period - Stopped by Eric Comrie without a rebound.
5:41 of 3rd period - Jakob Forsbacka-Karlsson wins face-off versus Ben Jones in Bruins zone.
6:07 of 3rd period - Shot by Michal Kempny.
6:07 of 3rd period - Shot Blocked by Ben Jones.
6:21 of 3rd period - Wade Allison is hit by Reid Boucher and loses puck.
8:11 of 3rd period - Darren Dietz is hit by Akil Thomas and loses puck.
8:28 of 3rd period - Darren Dietz is hit by Aliaksei Protas and loses puck.
9:01 of 3rd period - Shot by Connor Chatham.
9:01 of 3rd period - Shot Misses the Net.
11:30 of 3rd period - Icing by Ian Mitchell.
11:31 of 3rd period - Jansen Harkins wins face-off versus Jamieson Rees in Senators zone.
12:05 of 3rd period - Icing by Reilly Walsh.
12:06 of 3rd period - Aliaksei Protas wins face-off versus Jansen Harkins in Bruins zone.
12:17 of 3rd period - Julius Honka is hit by Akil Thomas and loses puck.
13:32 of 3rd period - Icing by Matej Stransky.
13:33 of 3rd period - Theodor Niederbach wins face-off versus Igor Shvyrev in Bruins zone.
14:04 of 3rd period - Theodor Niederbach is hit by Darren Dietz and loses puck.
14:49 of 3rd period - Shot by Joey Keane.
14:49 of 3rd period - Shot Misses the Net.
14:51 of 3rd period - Shot by Jack Rathbone.
14:51 of 3rd period - Stopped by Eric Comrie with a rebound.
14:53 of 3rd period - Shot by Jamieson Rees.
14:53 of 3rd period - Shot Misses the Net.
14:55 of 3rd period - Shot by Linus Weissbach.
14:55 of 3rd period - Stopped by Eric Comrie without a rebound.
14:56 of 3rd period - Aliaksei Protas wins face-off versus Jakob Forsbacka-Karlsson in Bruins zone.
14:56 of 3rd period - Akil Thomas is hit by Josh Brook and loses puck.
15:05 of 3rd period - Off-side.
15:06 of 3rd period - Adam Beckman wins face-off versus Jansen Harkins in neutral zone.
15:12 of 3rd period - Shot by Jansen Harkins.
15:12 of 3rd period - Goal by Jansen Harkins - Bruins : 4 - Senators : 3.
15:13 of 3rd period - Adam Beckman wins face-off versus Hunter Shinkaruk in neutral zone.
15:59 of 3rd period - Off-side.
16:00 of 3rd period - Jansen Harkins wins face-off versus Aliaksei Protas in neutral zone.
16:08 of 3rd period - Akil Thomas is hit by Reilly Walsh and loses puck.
16:24 of 3rd period - Minor Penalty to Julius Honka for Goalie Interference.
16:25 of 3rd period - Jansen Harkins wins face-off versus Ben Jones in Bruins zone.
16:25 of 3rd period - Jansen Harkins is hit by Wade Allison.
17:09 of 3rd period - Michal Kempny is hit by Aliaksei Protas.
17:41 of 3rd period - Shot by Jack Rathbone.
17:41 of 3rd period - Goal by Jack Rathbone - Bruins : 4 - Senators : 4.
17:42 of 3rd period - Adam Beckman wins face-off versus Hunter Shinkaruk in neutral zone.
17:57 of 3rd period - Shot by Martin Chromiak.
17:57 of 3rd period - Stopped by Eric Comrie with a rebound.
18:02 of 3rd period - Icing by Connor Chatham.
18:03 of 3rd period - Ben Jones wins face-off versus Hunter Shinkaruk in Bruins zone.
18:03 of 3rd period - Ben Jones is hit by Jesse Graham.
18:43 of 3rd period - Shot by Igor Shvyrev.
18:43 of 3rd period - Shot Misses the Net.
18:59 of 3rd period - Shot by Ryan O'Reilly.
18:59 of 3rd period - Shot Blocked by Jack Rathbone.
19:48 of 3rd period - Shot by Layton Ahac.
19:48 of 3rd period - Stopped by Eric Comrie with a rebound.
Goals for this period are 1 for Bruins vs 1 for Senators.
Shots for this period are 3 for Bruins vs 9 for Senators.

Overtime #1


0:01 of 1st overtime period - Jamieson Rees wins face-off versus Jakob Forsbacka-Karlsson in neutral zone.
0:04 of 1st overtime period - Shot by Ryan Merkley.
0:04 of 1st overtime period - Stopped by Eric Comrie without a rebound.
0:05 of 1st overtime period - Jamieson Rees wins face-off versus Jakob Forsbacka-Karlsson in Bruins zone.
0:10 of 1st overtime period - Shot by Alex Beaucage.
0:10 of 1st overtime period - Shot Misses the Net.
0:12 of 1st overtime period - Shot by Jamieson Rees.
0:12 of 1st overtime period - Stopped by Eric Comrie without a rebound.
0:13 of 1st overtime period - Jamieson Rees wins face-off versus Jakob Forsbacka-Karlsson in Bruins zone.
0:32 of 1st overtime period - Shot by Alex Beaucage.
0:32 of 1st overtime period - Shot Blocked by Jakob Forsbacka-Karlsson.
0:34 of 1st overtime period - Shot by Jamieson Rees.
0:34 of 1st overtime period - Stopped by Eric Comrie with a rebound.
0:49 of 1st overtime period - Shot by Jamieson Rees.
0:49 of 1st overtime period - Shot Blocked by Jakob Forsbacka-Karlsson.
0:51 of 1st overtime period - Shot by Alex Beaucage.
0:51 of 1st overtime period - Shot Blocked by Tyler Weiss.
0:53 of 1st overtime period - Shot by Alex Beaucage.
0:53 of 1st overtime period - Stopped by Eric Comrie without a rebound.
0:54 of 1st overtime period - Jamieson Rees wins face-off versus Jakob Forsbacka-Karlsson in Bruins zone.
1:01 of 1st overtime period - Shot by Jamieson Rees.
1:01 of 1st overtime period - Shot Misses the Net.
1:03 of 1st overtime period - Shot by Jamieson Rees.
1:03 of 1st overtime period - Stopped by Eric Comrie without a rebound.
1:04 of 1st overtime period - Jakob Forsbacka-Karlsson wins face-off versus Jamieson Rees in Bruins zone.
1:56 of 1st overtime period - Shot by Tyler Madden.
1:56 of 1st overtime period - Goal by Tyler Madden - Bruins : 4 - Senators : 5.
Goals for this period are 0 for Bruins vs 1 for Senators.
Shots for this period are 0 for Bruins vs 6 for Senators.